 Dungeon Crawl Stone Soup version 0.23.2-1-ga50397a (webtiles) character file.

Game seed: 5119000691409810348

4974 flogoulette the Magician (level 10, -3/74 HPs)
             Began as a Mummy Fire Elementalist on May 23, 2019.
             Was a Follower of Vehumet.
             Slain by a killer bee (4 damage)
             ... on level 9 of the Dungeon.
             The game lasted 00:32:47 (13022 turns).

flogoulette the Magician (Mummy Fire Elementalist) Turns: 13022, Time: 00:32:48

Health: -3/74      AC:  4    Str: 12    XL:     10   Next: 29%
Magic:  0/21       EV: 12    Int: 18    God:    Vehumet [*.....]
Gold:   433        SH:  9    Dex: 15    Spells: 17/23 levels left

rFire    x . .     SeeInvis .   p - +2 hand axe (freeze)
rCold    + . .     Gourm    .   h - +0 buckler
rNeg     + + +     Faith    .   x - +1 leather armour {MR+}
rPois    ∞         Spirit   .   (no helmet)
rElec    .         Reflect  +   (no cloak)
rCorr    .         Harm     .   (no gloves)
MR       ++...                  (no boots)
Stlth    ++........             b - +4 amulet of reflection
HPRegen  0.22/turn              d - ring of wizardry
MPRegen  0.17/turn              o - +3 ring of dexterity

@: no status effects
A: no food or potions, fire vulnerability, cold resistance 1, negative energy
resistance 3, torment resistance, unbreathing
a: Renounce Religion


You were on level 9 of the Dungeon.
You worshipped Vehumet.
Vehumet was aware of your devotion.
You were not hungry.

You visited 2 branches of the dungeon, and saw 11 of its levels.

You collected 433 gold pieces.

Inventory:

Hand Weapons
 p - a +2 hand axe of freezing (weapon)
Missiles
 i - a tomahawk (quivered)
Armour
 h - a +0 buckler (worn)
 x - a +1 leather armour of magic resistance (worn)
Jewellery
 b - a +4 amulet of reflection (around neck)
 d - a ring of wizardry (left hand)
 o - a +3 ring of dexterity (right hand)
Wands
 m - a wand of disintegration (15)
 n - a wand of enslavement (23)
 r - a wand of paralysis (8)
 s - a wand of random effects (20)
 u - a wand of iceblast (5)
 v - a wand of flame (8)
Scrolls
 a - a scroll of fear
 c - 3 scrolls of remove curse
 e - 3 scrolls of teleportation
 f - 2 scrolls of enchant armour
 g - a scroll of noise
 j - a scroll of fog
 k - 3 scrolls of amnesia
 l - 2 scrolls of blinking
 q - a scroll of silence
 t - a scroll of enchant weapon


   Skills:
 + Level 5.5 Fighting
 - Level 2.0 Dodging
 - Level 1.5 Stealth
 - Level 4.1 Shields
 + Level 7.4 Spellcasting
 * Level 7.0 Conjurations
 * Level 7.3 Fire Magic


You had 17 spell levels left.
You knew the following spells:

 Your Spells              Type           Power        Failure   Level  Hunger
a - Flame Tongue          Conj/Fire      ####.        1%          1    N/A
e - Throw Flame           Conj/Fire      ####..       1%          2    N/A
r - Conjure Flame         Conj/Fire      ####....     1%          3    N/A

Your spell library contained the following spells:

 Spells                   Type           Power        Failure   Level  Hunger
 Freeze                   Ice            #...         5%          1    N/A
 Sticky Flame             Conj/Fire      ####....     2%          4    N/A
 Inner Flame              Hex/Fire       ###.....     3%          3    N/A
 Fireball                 Conj/Fire      ####......   8%          5    N/A

Dungeon Overview and Level Annotations

Branches:
Dungeon (10/15)            Temple (1/1) D:6
   Lair: D:8-11         Orc: D:9-12

Altars:
Ashenzari
Cheibriados
Dithmenos
Elyvilon
Fedhas
Gozag
Kikubaaqudgha
Makhleb
Nemelex Xobeh
Okawaru
Qazlal
Ru
Sif Muna
Trog
Uskayaw
Vehumet
Wu Jian
Xom
Yredelemnul
Zin
The Shining One

Shops:
D:4 !

Annotations:
D:6 2 transporters, diana's ghost, novice DsGl
D:8 1 runed translucent door


Innate Abilities, Weirdness & Mutations

You do not eat or drink.
Your flesh is vulnerable to fire.
You are immune to poison.
Your flesh is cold resistant. (rC+)
You are immune to negative energy. (rN+++)
You are immune to unholy pain and torment.
You can survive without breathing.


Message History

Casting: Flame Tongue (safe; 1% risk of failure)
Confirm with . or Enter, or press ? or * to list all spells.
Aiming: Flame Tongue (safe; 1% risk of failure)
Press: ? - help, Shift-Dir - straight line, f - killer bee
Aim: a killer bee (severely wounded)
The flame tongue misses the killer bee.
You block the killer bee's attack. x2
Casting: Flame Tongue (safe; 1% risk of failure)
Confirm with . or Enter, or press ? or * to list all spells.
Aiming: Flame Tongue (safe; 1% risk of failure)
Press: ? - help, Shift-Dir - straight line, f/p - killer bee
Aim: a killer bee (severely wounded)
The flame tongue misses the killer bee.
The killer bee barely misses you. The killer bee stings you.
* * * LOW HITPOINT WARNING * * *
You miss the killer bee.
The killer bee is severely wounded.
The killer bee stings you!
* * * LOW HITPOINT WARNING * * *
The killer bee stings you.
You die...

#.##......###.##.##
####.####........##.##
#.......###########.##
#.#####.##............
#.#####)##........#...
#.##....##....%.....##
#.##.##.##.........###
#.##.##.##.......### #
#...y@).##.......# #
#.......##.......# #
#.##.##.########## #
#.##.##.#####...# #
#.##..........#.######
#.#####.#####.........
#.#####.# ##########
#.......# #########


You could see a killer bee.

Vanquished Creatures
  A two-headed ogre (D:8)
  Psyche (D:8)
  A yak (D:6)
  3 hogs (D:7)
  A human (D:7)
  Edmund (D:6)
  An ice beast (D:9)
  4 ogres
  A big kobold (D:9)
  2 centaurs (D:6)
  5 bullfrogs
  A wyvern skeleton (D:4)
  3 scorpions
  8 killer bees
  2 howler monkeys
  7 wights
  3 crimson imps
  A quasit (D:9)
  2 jellies
  A bullfrog skeleton (D:8)
  A centaur skeleton (D:5)
  A centaur zombie (D:5)
  4 orc priests
  5 hounds
  2 iguanas (D:5)
  8 orc wizards
  5 worker ants
  Ijyb (D:4)
  A hound zombie (D:8)
  A hound skeleton (D:4)
  10 gnolls
  6 adders
  A shadow imp (D:8)
  An ooze (D:4)
  An adder skeleton (D:4)
  4 worms
  4 leopard geckos
  21 orcs
  3 ball pythons
  5 giant cockroaches
  7 goblins
  3 hobgoblins
  2 jackals (D:7)
  6 kobolds
  2 quokkas
  5 bats (D:1)
  A frilled lizard (D:1)
  5 quokka skeletons
  5 rats
170 creatures vanquished.

Vanquished Creatures (others)
  A centaur (D:7)
  A kobold (D:10)
2 creatures vanquished.

Grand Total: 172 creatures vanquished

Notes
Turn   | Place    | Note
-------+----------+-------------------------------------------
     0 | D:1      | flogoulette the Mummy Fire Elementalist began the quest for
                  | the Orb.
     0 | D:1      | Reached XP level 1. HP: 13/13 MP: 4/4
    84 | D:1      | Reached skill level 1 in Conjurations
   178 | D:1      | Reached XP level 2. HP: 19/19 MP: 3/5
  1103 | D:2      | Reached XP level 3. HP: 16/25 MP: 1/7
  2056 | D:3      | Reached skill level 1 in Fighting
  2150 | D:3      | Reached XP level 4. HP: 24/32 MP: 3/8
  2488 | D:3      | Reached skill level 1 in Shields
  2743 | D:3      | Reached XP level 5. HP: 27/37 MP: 1/10
  2998 | D:3      | Learned a level 2 spell: Throw Flame
  3002 | D:3      | Learned a level 3 spell: Conjure Flame
  3590 | D:4      | Noticed Ijyb
  3601 | D:4      | Killed Ijyb
  3800 | D:4      | Reached XP level 6. HP: 44/44 MP: 4/11
  4781 | D:4      | Found a shadowy altar of Dithmenos.
  4832 | D:4      | Found Poibryfi's Distillery.
  4970 | D:4      | Reached XP level 7. HP: 23/50 MP: 9/13
  5374 | D:5      | Entered Level 5 of the Dungeon
  5773 | D:5      | Found an opulent altar of Gozag.
  6267 | D:6      | Found a transporter.
  6267 | D:6      | Found a transporter.
  6269 | D:6      | Noticed diana's ghost (novice DsGl)
  6285 | D:6      | Found a staircase to the Ecumenical Temple.
  6298 | Temple   | Entered the Ecumenical Temple
  6700 | D:6      | Found a white marble altar of Elyvilon.
  6703 | D:6      | Noticed Edmund
  6745 | D:6      | Killed Edmund
  6745 | D:6      | Reached XP level 8. HP: 58/58 MP: 8/15
  7027 | D:6      | Found a radiant altar of Vehumet.
  7140 | D:6      | Became a worshipper of Vehumet
  7686 | D:7      | Reached skill level 5 in Spellcasting
  8251 | D:7      | Found a shimmering altar of Xom.
  8254 | D:7      | Found a glowing golden altar of the Shining One.
  8254 | D:7      | Found a burning altar of Makhleb.
  8256 | D:7      | Found an opulent altar of Gozag.
  8257 | D:7      | Found a hide-covered altar of Uskayaw.
  8350 | D:7      | Reached skill level 5 in Fire Magic
  9372 | D:8      | Reached skill level 5 in Conjurations
  9387 | D:8      | Reached XP level 9. HP: 51/65 MP: 0/17
  9838 | D:8      | Noticed a wizard
  9838 | D:8      | Noticed a wizard
 10132 | D:8      | Found a shadowy altar of Dithmenos.
 10153 | D:8      | Reached * piety under Vehumet
 10153 | D:8      | Offered knowledge of Freeze by Vehumet.
 10376 | D:8      | Noticed Psyche
 10390 | D:8      | Killed Psyche
 10586 | D:8      | Found a glowing silver altar of Zin.
 10586 | D:8      | Noticed an angel
 10587 | D:8      | Found a runed translucent door.
 10821 | D:8      | Noticed an orc sorcerer
 10825 | D:8      | Noticed a two-headed ogre
 11564 | D:9      | Reached skill level 5 in Fighting
 11937 | D:9      | Noticed a troll
 12205 | D:8      | Killed a two-headed ogre
 12205 | D:8      | Reached XP level 10. HP: 74/74 MP: 7/20
 12793 | D:10     | Entered Level 10 of the Dungeon
 13022 | D:9      | HP: 1/74 [killer bee (8)]
 13022 | D:9      | Slain by a killer bee

Skill      XL: |  1  2  3  4  5  6  7  8  9 10 |
---------------+-------------------------------+-----
Conjurations   | 1 2 3 5 6 7 |  7.0
Spellcasting   | 3 4 5 7 |  7.4
Fighting       | 1 2 3 5 |  5.5
Fire Magic     | 3 4 5 7 |  7.3
Shields        | 1 2 3 4 |  4.1
Dodging        | 2 |  2.0
Stealth        | |  1.5

Action                   |  1- 3 |  4- 6 |  7- 9 | 10-12 || total
-------------------------+-------+-------+-------+-------++-------
Melee: Dagger            |    21 |       |       |       ||    21
       Whip              |    30 |    10 |       |       ||    40
       Club              |       |     7 |       |       ||     7
       Hand axe          |       |       |    59 |     7 ||    66
Throw: Tomahawk          |       |       |       |     5 ||     5
 Cast: Flame Tongue      |    50 |   110 |   272 |    62 ||   494
       Throw Flame       |       |    13 |    64 |     7 ||    84
       Conjure Flame     |       |     2 |    12 |     2 ||    16
  Use: Scroll            |       |       |    14 |     1 ||    15
 Stab: Sleeping          |     2 |     1 |     1 |       ||     4
Armor: Robe              |    16 |     2 |     7 |       ||    25
       Leather armour    |       |       |     5 |     4 ||     9
Dodge: Dodged            |    41 |    28 |    92 |    35 ||   196
Block: Other             |     3 |       |       |       ||     3
       Buckler           |    15 |    27 |    86 |    31 ||   159
       Reflection        |       |     1 |     4 |     2 ||     7
